 Dungeon Crawl Stone Soup version 0.27.1-34-g3ba077fa99 (webtiles) character file.

Game seed: 14377636343832586898

47422 Sharkman1231 the Cleaver (level 14, -12/100 HPs)
             Began as a Demonspawn Earth Elementalist on Jan 20, 2022.
             Was an Elder of Vehumet.
             Killed from afar by an ironbound frostheart (24 damage)
             ... by creeping frost
             ... in an ice cave on Jan 21, 2022.
             The game lasted 00:28:40 (15972 turns).

Sharkman1231 the Cleaver (DsEE)                    Turns: 15972, Time: 00:28:40

Health: -12/100    AC: 11    Str: 11    XL:     14   Next: 8%
Magic:  18/26      EV: 22    Int: 23    God:    Vehumet [****..]
Gold:   178        SH: 11    Dex: 16    Spells: 7/29 levels left

rFire    . . .     SeeInvis .   a - +1 spear (venom)
rCold    + + .     Faith    .   P - +0 buckler
rNeg     . . .     Spirit   .   t - +1 leather armour of the Postmodern Hells {rC++ Int+3}
rPois    .         Reflect  .   Q - +1 helmet {Int+3}
rElec    .         Harm     .   V - +2 cloak "Hamum" {Rampage rCorr}
rCorr    +         Rampage  +   H - +1 pair of gloves
Will     .....                  (no boots)
Stlth    ++........             v - amulet of regeneration
HPRegen  1.26/turn              y - +4 ring of evasion
MPRegen  0.40/turn              C - +4 ring of evasion

@: weak-willed, frozen, very slow
A: talons 2, large bone plates 2, ignite blood 1, magic regeneration
a: Renounce Religion


You were in an ice cave.
You worshipped Vehumet.
Vehumet was greatly pleased with you.
You visited 2 branches of the dungeon, and saw 16 of its levels.
You visited 1 bazaar.
You also visited: Ice Cave.

You collected 1994 gold pieces.
You spent 1816 gold pieces at shops.

Inventory:

Hand Weapons
 a - a +1 spear of venom (weapon)
 b - a +5 broad axe of draining
Missiles
 c - 348 stones
 r - a throwing net
Armour
 e - the +2 robe of Amorality {rElec rPois Dex-4}
   (You found it on level 4 of the Dungeon)

   Dex:       It affects your dexterity (-4).
   rElec:     It insulates you from electricity.
   rPois:     It protects you from poison.
 g - a scarf of resistance
 h - a +0 pair of gloves
 t - the +1 leather armour of the Postmodern Hells (worn) {rC++ Int+3}
   (You found it on level 5 of the Dungeon)

   Int:       It affects your intelligence (+3).
   rC:        It greatly protects you from cold.
 B - a +0 troll leather armour
 H - a +1 pair of gloves (worn)
 P - a +0 buckler (worn)
 Q - a +1 helmet of intelligence (worn)
 V - the +2 cloak "Hamum" (worn) {Rampage rCorr}
   (You bought it in a shop on level 14 of the Dungeon)

   rCorr:     It protects you from acid and corrosion.
   Rampage:   It bestows one free step when moving towards enemies.
Jewellery
 v - an amulet of regeneration (around neck)
 y - a +4 ring of evasion (left hand)
 C - a +4 ring of evasion (right hand)
 I - a ring of ice
 O - a ring of protection from cold
 S - a +4 ring of slaying
Wands
 E - a wand of polymorph (4)
 F - a wand of acid (12)
 L - a wand of iceblast (8)
 M - a wand of charming (2)
 T - a wand of flame (17)
 U - a wand of paralysis (9)
Scrolls
 i - 2 scrolls of magic mapping
 k - a scroll of blinking
 n - 4 scrolls of teleportation
 p - a scroll of amnesia
 q - a scroll of holy word
 w - a scroll of silence
 z - a scroll of summoning
 A - 2 scrolls of enchant armour
 G - a scroll of immolation
Potions
 f - 2 potions of might
 j - a potion of invisibility
 l - 2 potions of ambrosia
 m - 2 potions of attraction
 o - 7 potions of curing
 s - 2 potions of mutation
 u - 3 potions of brilliance {unknown}
 D - 3 potions of flight
 J - a potion of lignification
 K - 2 potions of magic
 N - a potion of haste
 R - a potion of berserk rage {unknown}


   Skills:
 - Level 6.0 Fighting
 + Level 10.4(10.5) Axes
 - Level 1.1(6.7) Polearms
 - Level 6.0 Dodging
 * Level 3.7 Stealth
 - Level 4.0 Shields
 + Level 8.2 Spellcasting
 - Level 8.0 Conjurations
 - Level 0.8 Transmutations
 + Level 6.9 Ice Magic
 + Level 6.9 Air Magic
 - Level 10.0 Earth Magic
 - Level 5.0 Evocations


You had 7 spell levels left.
You knew the following spells:

 Your Spells              Type           Power      Damage    Failure   Level
a - Stone Arrow           Conj/Erth      100%       3d13      1%          3
b - Sandblast             Erth           100%       2d20      1%          1
c - Freezing Cloud        Conj/Ice/Air   21%        6-21      3%          5
d - Iron Shot             Conj/Erth      25%        9d5       10%         6
e - Spellforged Servitor  Conj/Summ      13%        N/A       96%         7

Your spell library contained the following spells:

 Spells                   Type           Power      Damage    Failure   Level
 Conjure Ball Lightning   Conj/Air       21%        3x3d6     17%         6
 Passwall                 Tmut/Erth      28%        N/A       1%          2
 Ozocubu's Armour         Ice            41%        N/A       1%          3
 Iskenderun's Battlesphe  Conj           46%        2d10      2%          5
 Beastly Appendage        Tmut           26%        N/A       6%          1
 Wereblood                Tmut           13%        N/A       10%         2
 Petrify                  Tmut/Erth      34%        N/A       10%         4
 Spider Form              Tmut/Pois      5%         N/A       22%         3
 Ozocubu's Refrigeration  Ice            20%        4d9       69%         7
 Simulacrum               Ice/Necr       12%        N/A       97%         6
 Polar Vortex             Ice            20%        N/A       100%        9


Dungeon Overview and Level Annotations

Branches:
Dungeon (15/15)            Temple (1/1) D:5             Orc (0/2) D:10
 Vaults (0/5) D:14         Depths (0/5) D:15          IceCv (1/1)
   Lair: D:8-11

Altars:
Ashenzari
Cheibriados
Dithmenos
Elyvilon
Fedhas
Gozag
Hepliaklqana
Kikubaaqudgha
Makhleb
Nemelex Xobeh
Okawaru
Qazlal
Ru
Sif Muna
Trog
Uskayaw
Vehumet
Wu Jian
Xom
Yredelemnul
Zin
The Shining One

Shops:
D:5 [*   D:8 !   D:10 *   D:14 [

Annotations:
D:15 Nessos


Innate Abilities, Weirdness & Mutations

You have razor-sharp toenails.
You are mostly covered in large bone plates. (SH +6)
Your demonic aura sometimes causes spilled blood to erupt in flames.
You regenerate magic rapidly.


Message History

* * * LOW HITPOINT WARNING * * *
You are encased in ice.
Casting: Stone Arrow (safe; 1% risk of failure)
Confirm with . or Enter, or press ? or * to list all spells.
Aiming: Iron Shot (dangerous; 10% risk of failure)
Press: ? - help, Shift-Dir - straight line, f - ironbound frostheart
Aim: an ironbound frostheart, wearing a +0 scale mail (75% to hit)
The iron shot hits the ironbound frostheart!!!
The ironbound frostheart is heavily wounded.
The ironbound frostheart completely misses you.
Unknown command.
Casting: Iron Shot (dangerous; 10% risk of failure)
Confirm with . or Enter, or press ? or * to list all spells.
Aiming: Iron Shot (dangerous; 10% risk of failure)
Press: ? - help, Shift-Dir - straight line, f/p - ironbound frostheart
Aim: an ironbound frostheart, wearing a +0 scale mail (heavily wounded, 75% to hit)
The iron shot hits the ironbound frostheart!!
The ironbound frostheart is almost dead.
The ice encasing you melts away.
You block the ironbound frostheart's attack.
Casting: Iron Shot (dangerous; 10% risk of failure)
Confirm with . or Enter, or press ? or * to list all spells.
Aiming: Iron Shot (dangerous; 10% risk of failure)
Press: ? - help, Shift-Dir - straight line, f/p - ironbound frostheart
Aim: an ironbound frostheart, wearing a +0 scale mail (almost dead, 75% to hit)
The iron shot hits the ironbound frostheart!!
You kill the ironbound frostheart!
Vehumet accepts your kill.
You feel your power returning.
The ironbound frostheart calls freezing cold from the walls.
The frost grips you!! You partially resist.
* * * LOW HITPOINT WARNING * * *
You are encased in ice.
The polar bear completely misses you.
The polar bear claws you but does no damage.
You block the polar bear's attack.
Unknown command.
The ironbound frostheart calls freezing cold from the walls.
The frost grips you!! You partially resist.
You die...

######## #####
#.p[.#.###.p.####
[).#..#....#....##
######.#..####h#.##
###### ##.#.# ##@.#
##..## ##..## #.#.#
##..# ..## ..## ..#
..#


You could see an ironbound frostheart and a polar bear.

Vanquished Creatures
  Gastronok (D:10)
  Erolcha (D:10)
  A boulder beetle (D:11)
  5 hydras
  An ogre mage (D:14)
  An ironbound frostheart (IceCv)
  An ice dragon (IceCv)
  Erica (D:10)
  6 centaur warriors
  5 two-headed ogres
  A deep elf knight (D:14)
  A skeletal warrior (D:13)
  2 large abominations (D:11)
  A wizard (D:11)
  A phantasmal warrior (D:13)
  4 deep elf pyromancers
  14 ugly things
  A deep elf zephyrmancer (D:14)
  3 cyclopes
  A manticore (D:15)
  A black mamba (shapeshifter) (D:15)
  3 gargoyles
  3 centaur skeletons (D:14)
  A kobold demonologist (D:14)
  3 rime drakes (IceCv)
  A komodo dragon (D:10)
  A freezing wraith (D:13)
  A tengu conjurer (D:15)
  7 trolls
  A polar bear (IceCv)
  A hornet (D:8)
  10 slime creatures
  A harpy skeleton (D:14)
  3 shadows
  2 wraiths
  Eustachio (D:4)
  Sigmund (D:4)
  9 yaks
  2 steam dragons
  6 vampire mosquitoes
  2 water moccasins (D:8)
  An acid dragon (D:14)
  4 orc warriors
  3 sky beasts (D:6)
  An ice beast (D:7)
  A hornet zombie (D:7)
  A necrophage (D:4)
  5 ogres
  3 black bears
  A boggart (D:14)
  25 centaurs
  A phantom (D:10)
  8 kobold brigands
  5 bullfrogs
  A gnoll sergeant (D:7)
  A scorpion (D:11)
  6 small abominations
  A water moccasin skeleton (D:2)
  A troll zombie (D:10)
  9 killer bees
  3 wights (D:7)
  5 howler monkeys
  A bullfrog zombie (D:6)
  A centaur zombie (D:8)
  A jelly (D:6)
  A bullfrog skeleton (D:4)
  Crazy Yiuf (D:4)
  3 hounds
  4 orc priests
  8 orc wizards
  2 iguanas
  A killer bee zombie (D:7)
  5 ogre zombies (D:10)
  A mummy (D:5)
  16 gnolls
  7 adders
  2 howler monkey skeletons
  A worm (D:2)
  A dart slug (D:1)
  47 orcs
  3 bats
  11 endoplasms
  4 giant cockroaches
  5 goblins
  6 hobgoblins
  4 jackals (D:3)
  20 kobolds
  4 quokkas
  8 ball pythons
  5 frilled lizards
  A goblin skeleton (D:10)
  2 hobgoblin zombies
  A kobold zombie (D:5)
  5 orc skeletons (D:10)
  14 orc zombies
  4 rats
398 creatures vanquished.

Vanquished Creatures (collateral kills)
  An ironbound frostheart (IceCv)
1 creature vanquished.

Vanquished Creatures (others)
  A white draconian (IceCv)
  An ugly thing (IceCv)
  A rime drake (IceCv)
  10 fungi (D:11)
  7 plants
20 creatures vanquished.

Grand Total: 419 creatures vanquished

Notes
Turn   | Place    | Note
-------+----------+-------------------------------------------
     0 | D:1      | Sharkman1231 the Demonspawn Earth Elementalist began the
                  | quest for the Orb.
     0 | D:1      | Reached XP level 1. HP: 13/13 MP: 3/3
   252 | D:1      | Gained mutation: You regenerate magic rapidly. [demonic
                  | ancestry]
   252 | D:1      | Reached XP level 2. HP: 19/19 MP: 1/5
   600 | D:1      | Gained mutation: You have sharp toenails. [demonic
                  | ancestry]
   600 | D:1      | Reached XP level 3. HP: 22/24 MP: 3/6
   834 | D:2      | Learned a level 3 spell: Stone Arrow
   982 | D:2      | Reached skill level 1 in Conjurations
   982 | D:2      | Gained mutation: Your demonic aura sometimes causes spilled
                  | blood to erupt in flames. [demonic ancestry]
   982 | D:2      | Reached XP level 4. HP: 25/30 MP: 5/8
  1443 | D:2      | Reached XP level 5. HP: 35/35 MP: 7/9
  1612 | D:3      | Found a hide-covered altar of Uskayaw.
  2176 | D:3      | Found a faded altar of an unknown god.
  2303 | D:4      | Identified the +2 robe of Amorality {rElec rPois Dex-4}
  2508 | D:4      | Noticed Eustachio
  2760 | D:4      | Found a runed translucent door.
  2761 | D:4      | Noticed Crazy Yiuf
  2799 | D:4      | Killed Eustachio
  2800 | D:4      | Reached skill level 5 in Earth Magic
  2800 | D:4      | Reached XP level 6. HP: 41/41 MP: 2/11
  3110 | D:4      | Reached XP level 7. HP: 46/46 MP: 4/12
  3223 | D:4      | Noticed Sigmund
  3227 | D:4      | Killed Sigmund
  3526 | D:4      | Killed Crazy Yiuf
  3603 | D:5      | Entered Level 5 of the Dungeon
  3668 | D:5      | Reached skill level 5 in Conjurations
  3729 | D:5      | Found Zin's Purification Station.
  3741 | D:5      | Found a staircase to the Ecumenical Temple.
  3765 | D:5      | Found Mologoh's Armour Boutique.
  3769 | Temple   | Entered the Ecumenical Temple
  3823 | Temple   | Became a worshipper of Vehumet
  3935 | D:5      | Found an ancient bone altar of Kikubaaqudgha.
  3942 | D:5      | Identified the +1 leather armour of the Postmodern Hells
                  | {rC++ Int+3}
  4327 | D:5      | Gained mutation: You have razor-sharp toenails. [demonic
                  | ancestry]
  4327 | D:5      | Reached XP level 8. HP: 52/52 MP: 10/14
  5045 | D:6      | Found a blossoming altar of Fedhas.
  5307 | D:6      | Found a broken altar of Ashenzari.
  5362 | D:6      | Found a shadowy altar of Dithmenos.
  5369 | D:6      | Noticed a troll
  5373 | D:6      | Killed a troll
  5374 | D:6      | Reached skill level 5 in Spellcasting
  5744 | D:7      | Found an ornate altar of the Wu Jian Council.
  5765 | D:7      | Reached XP level 9. HP: 57/57 MP: 5/16
  5985 | D:7      | Reached * piety under Vehumet
  5985 | D:7      | Offered knowledge of Foxfire by Vehumet.
  6988 | D:8      | Reached skill level 1 in Fighting
  6988 | D:8      | Reached skill level 1 in Evocations
  7124 | D:8      | Reached skill level 1 in Polearms
  7157 | D:8      | Found Pebaggas's Distillery.
  7165 | D:8      | Bought a potion of curing for 36 gold pieces
  7165 | D:8      | Bought a potion of lignification for 36 gold pieces
  7689 | D:8      | Reached skill level 1 in Axes
  7798 | D:8      | Gained mutation: You are partially covered in large bone
                  | plates. (SH +4) [demonic ancestry]
  7798 | D:8      | Reached XP level 10. HP: 47/67 MP: 17/19
  8090 | D:9      | Found a bloodstained altar of Trog.
  8144 | D:9      | Reached ** piety under Vehumet
  8144 | D:9      | Offered knowledge of Shock by Vehumet.
  8505 | D:9      | Offered knowledge of Poisonous Vapours by Vehumet.
  8904 | D:10     | Entered Level 10 of the Dungeon
  8921 | D:10     | Noticed Erolcha
  9039 | D:10     | Killed Erolcha
  9049 | D:10     | Reached *** piety under Vehumet
  9111 | D:10     | Found a staircase to the Orcish Mines.
  9221 | D:10     | Found Plog's Gadget Gallery.
  9221 | D:10     | Noticed Gastronok
  9241 | D:10     | Killed Gastronok
  9242 | D:10     | Reached skill level 5 in Dodging
  9242 | D:10     | Reached XP level 11. HP: 70/78 MP: 9/20
  9359 | D:10     | Offered knowledge of Inner Flame by Vehumet.
  9457 | D:10     | Noticed Erica
  9473 | D:10     | Killed Erica
  9730 | D:9      | Reached skill level 5 in Fighting
  9852 | D:5      | Bought a +1 helmet of intelligence for 198 gold pieces
 10295 | D:10     | Reached skill level 5 in Evocations
 10488 | D:11     | Reached **** piety under Vehumet
 10807 | D:11     | Noticed a wizard
 10811 | D:11     | Killed a wizard
 10811 | D:11     | Offered knowledge of Lightning Bolt by Vehumet.
 10812 | D:11     | Reached skill level 5 in Axes
 10837 | D:11     | Noticed a large abomination
 10889 | D:11     | Killed a large abomination
 10890 | D:11     | Reached skill level 10 in Earth Magic
 11103 | D:11     | Noticed a cyan ugly thing
 11109 | D:11     | Killed a cyan ugly thing
 11112 | D:11     | Noticed a two-headed ogre
 11117 | D:11     | Killed a two-headed ogre
 11134 | D:11     | Noticed a boulder beetle
 11150 | D:11     | Killed a boulder beetle
 11457 | D:12     | Reached XP level 12. HP: 88/88 MP: 14/21
 11491 | D:12     | Noticed an eight-headed hydra
 11492 | D:12     | Noticed a two-headed ogre
 11494 | D:12     | Found a flickering gateway to a bazaar.
 11503 | Bazaar   | Entered a bazaar
 11545 | Bazaar   | Found Ezyofuna's Book Boutique.
 11549 | Bazaar   | Found Xeaschemi's Antique Weapon Boutique.
 11549 | Bazaar   | Found Fupneso's Jewellery Boutique.
 11550 | Bazaar   | Found Acvi's Magic Scroll Boutique.
 11572 | Bazaar   | Identified a scroll of acquirement
 11572 | Bazaar   | Acquired 1052 gold pieces
 11587 | Bazaar   | Bought a scroll of blinking for 97 gold pieces
 11587 | Bazaar   | Bought a scroll of teleportation for 39 gold pieces
 11587 | Bazaar   | Bought a scroll of silence for 97 gold pieces
 11587 | Bazaar   | Bought a scroll of enchant weapon for 97 gold pieces
 11587 | Bazaar   | Bought a scroll of enchant armour for 97 gold pieces
 11587 | Bazaar   | Bought a scroll of magic mapping for 45 gold pieces
 11587 | Bazaar   | Bought a scroll of immolation for 45 gold pieces
 11592 | Bazaar   | Bought a book of Ice for 598 gold pieces
 11598 | Bazaar   | Learned a level 5 spell: Freezing Cloud
 11623 | Bazaar   | Bought a scroll of identify for 26 gold pieces
 11623 | Bazaar   | Bought a scroll of identify for 26 gold pieces
 11637 | D:12     | Killed a two-headed ogre
 11638 | D:12     | Reached skill level 1 in Ice Magic
 11638 | D:12     | Reached skill level 1 in Air Magic
 12082 | D:12     | Noticed a seven-headed hydra
 12086 | D:12     | Killed a seven-headed hydra
 12266 | D:12     | Learned a level 6 spell: Iron Shot
 12393 | D:12     | Noticed a two-headed ogre
 12398 | D:12     | Killed a two-headed ogre
 12458 | D:12     | Killed an eight-headed hydra
 12720 | D:12     | Learned a level 7 spell: Spellforged Servitor
 12891 | D:13     | Noticed a centaur warrior
 12896 | D:13     | Killed a centaur warrior
 13299 | D:13     | Noticed a centaur warrior
 13306 | D:13     | Killed a centaur warrior
 13307 | D:13     | Reached skill level 1 in Shields
 13462 | D:13     | Noticed a death knight
 13572 | D:13     | Noticed a centaur warrior
 13578 | D:13     | Reached ***** piety under Vehumet
 13578 | D:13     | Offered knowledge of Conjure Ball Lightning by Vehumet.
 13581 | D:13     | Killed a centaur warrior
 13631 | D:13     | Noticed a centaur warrior
 13635 | D:13     | Killed a centaur warrior
 13713 | D:13     | Gained mutation: You are mostly covered in large bone
                  | plates. (SH +6) [demonic ancestry]
 13713 | D:13     | Reached XP level 13. HP: 82/93 MP: 9/23
 13940 | D:13     | Reached skill level 5 in Ice Magic
 13940 | D:13     | Reached skill level 5 in Air Magic
 14791 | D:14     | Found Utayger's Armour Boutique.
 14800 | D:14     | Bought the +2 cloak "Hamum" {Rampage rCorr} for 379 gold
                  | pieces
 14982 | D:14     | Reached skill level 10 in Axes
 15550 | D:14     | Found a gate to the Vaults.
 15673 | D:15     | Entered Level 15 of the Dungeon
 15783 | D:15     | Noticed Nessos
 15795 | D:15     | Found a frozen archway.
 15804 | IceCv    | Entered an ice cave
 15848 | IceCv    | Reached XP level 14. HP: 57/100 MP: 17/26
 15972 | IceCv    | Killed from afar by an ironbound frostheart

Illustrated notes

Levels and vault maps discovered:
D:1:      minmay_arrival_hallway, layout_basic, minmay_shallow_snake_nest
D:2:      layout_rooms, minmay_tetromino_l4
D:3:      layout_basic, eat_drink_and_be_merry_uskayaw,
          shapermc_ecumenical_altar_gd
D:4:      layout_loops_ring, st_stairs_1, amcnicky_mini_rare_corridor_liquid,
          uniq_eustachio, uniq_sigmund, uniq_crazy_yiuf_cottage
D:5:      layout_layer_cave, zin_purify, nicolae_kikubaaqudgha_miasma_corner,
          temple_fountains, serial_shops, shop, minmay_mini_ossuary
D:6:      layout_rooms, fedhas_altar_1, grunt_dithmenos_smoke_and_mirrors,
          mainiacjoe_overflow_boulevard, feat_on_display
D:7:      layout_gridville, nicolae_wu_jian_glorious_leap, kennysheep_mini_moat
D:8:      layout_loops_corners, serial_shops, shop
D:9:      layout_roguey [special_room_orc], lemuel_tele_altar
D:10:     layout_rooms, amcnicky_altar_gilded, zombieorc1_lemuel,
          nicolae_shop_gadgets, uniq_erolcha, uniq_erica, uniq_gastronok
D:11:     layout_small_grid, grunt_lair_entry_orc_guard_hut,
          minmay_fountain_box, laboratory
D:12:     layout_basic, serial_shops, bzr_entry_dummy,
          hellmonk_bongcloud_opening, lightli_fourway_metalbox
D:13:     layout_basic
D:14:     layout_loops_ring, hangedman_vaults_entry_quadrant_bands,
          serial_shops, shop, minmay_misc_feat_square
D:15:     hangedman_depths_entry_try_elsewhere_first, layout_cave_pods,
          chequers_decorated_corner, portal_ice_cave_entry_pillars_four,
          nooodl_orcs_dogs, uniq_nessos, uniq_roxanne
Temple:   nicolae_temple_hex_pool
IceCv:    ice_cave_small_giant

Skill      XL: |  1  2  3  4  5  6  7  8  9 10 11 12 13 |
---------------+----------------------------------------+-----
Earth Magic    | 3 4 5 6 7 8 9 10 | 10.0
Conjurations   | 1 2 3 4 5 7 8 |  8.0
Spellcasting   | 3 4 5 6 8 |  8.2
Dodging        | 3 5 6 |  6.0
Fighting       | 2 4 6 |  6.0
Evocations     | 2 4 5 |  5.0
Polearms       | 1 |  1.1
Axes           | 1 3 7 9 10 | 10.4
Ice Magic      | 4 6 |  6.9
Air Magic      | 4 6 |  6.9
Shields        | 2 4 |  4.0
Stealth        | 3 |  3.7
Transmutations | |  0.8

Action                   |  1- 3 |  4- 6 |  7- 9 | 10-12 | 13-15 || total
-------------------------+-------+-------+-------+-------+-------++-------
Melee: Unarmed           |    18 |     4 |       |       |       ||    22
       Kick              |       |     2 |    19 |    84 |    19 ||   124
       Spear             |       |       |    78 |   329 |    46 ||   453
 Cast: Sandblast         |    38 |   102 |    77 |       |       ||   217
       Stone Arrow       |       |     5 |    54 |   233 |    71 ||   363
       Iron Shot         |       |       |       |     7 |    24 ||    31
       Freezing Cloud    |       |       |       |     7 |    12 ||    19
Evoke: Wand              |       |       |       |       |     7 ||     7
  Use: Scroll            |       |     6 |     6 |    19 |     5 ||    36
       Potion            |       |       |       |       |     1 ||     1
 Stab: Sleeping          |       |       |     2 |     2 |       ||     4
       Distracted        |       |       |       |     1 |       ||     1
Armor: Robe              |     5 |    21 |     3 |       |       ||    29
       Leather armour    |       |       |    23 |    95 |    20 ||   138
Dodge: Dodged            |    16 |    45 |   110 |   448 |    89 ||   708
Block: Other             |       |       |       |    93 |       ||    93
       Buckler           |       |       |       |    13 |    54 ||    67
